 Dungeon Crawl Stone Soup version 0.29.1-1-gd02db69 (webtiles) character file.

Game seed: 13019866855246140103

45 Kel the Chopper (level 3, -1/23 HPs)
             Began as a Gargoyle Berserker on Nov 25, 2022.
             Was a Follower of Trog.
             Slain by an orc
             ... wielding a +0 trident
              (2 damage)
             ... on level 3 of the Dungeon.
             The game lasted 00:01:42 (2129 turns).

Kel the Chopper (Gargoyle Berserker)                Turns: 2129, Time: 00:01:42

Health: -1/23      AC:  5    Str: 22    XL:     3   Next: 64%
Magic:  3/3        EV: 11    Int:  7    God:    Trog [*.....]
Gold:   33         SH:  0    Dex:  9    Spells: 2/2 levels left

rFire   . . .      SeeInvis .   a - +0 hand axe
rCold   . . .      Faith    .   (no shield)
rNeg    + . .      Spirit   .   b - +0 animal skin
rPois   ∞          Reflect  .   (no helmet)
rElec   +          Harm     .   (no cloak)
rCorr   .          Rampage  .   (no gloves)
Will    .....                   (no boots)
Stlth   +.........              (no amulet)
HPRegen 0.07/turn               (no ring)
MPRegen 0.08/turn               (no ring)

@: no status effects
A: sickness immunity, AC +3, negative energy resistance 1, electricity
resistance, torment resistance 1, petrification resistance
a: Renounce Religion, Berserk


You were on level 3 of the Dungeon.
You worshipped Trog.
Trog was aware of your devotion.
You visited 1 branch of the dungeon, and saw 3 of its levels.

You collected 33 gold pieces.

Inventory:

Hand Weapons
 a - a +0 hand axe (weapon)
Armour
 b - a +0 animal skin (worn)
Wands
 k - a wand of flame (21)
Scrolls
 c - a scroll of teleportation {unknown}
 d - a scroll of poison {unknown}
 e - 3 scrolls of noise {unknown}
 h - a scroll of enchant armour {unknown}
 l - a scroll of identify {unknown}
 m - a scroll of summoning {unknown}
Potions
 f - a potion of heal wounds {unknown}
 g - a potion of degeneration {unknown}
 i - a potion of attraction {unknown}
 j - a potion of curing {unknown}


   Skills:
 - Level 3.2 Fighting
 + Level 4.1 Axes
 - Level 2.1 Armour
 - Level 1.5 Dodging


You had 2 spell levels left.
You didn't know any spells.
Your spell library was empty.

Dungeon Overview and Level Annotations

Branches:
Dungeon (3/15)

Altars:


Innate Abilities, Weirdness & Mutations

You are immune to sickness and miasma.
Your stone body is resilient. (AC +3)
You are immune to poison.
You resist negative energy. (rN+)
You are resistant to electric shocks. (rElec)
You are resistant to unholy torment.
You are immune to petrification.


Message History

You see here a +0 dagger.
You barely miss the orc. You hit the orc. The orc closely misses you.
The orc barely misses you.
You barely miss the orc.
The orc is moderately wounded.
You hit the orc. The orc barely misses you. The orc closely misses you.
The orc barely misses you.
You hit the orc but do no damage.
The orc is moderately wounded.
You hit the orc but do no damage. The orc hits you with a +0 club. x2
The orc completely misses you.
You barely miss the orc.
The orc is moderately wounded.
You hit the orc. The orc hits you but does no damage.
The orc hits you with a +0 club. The orc closely misses you.
You are too injured to fight recklessly!
You are too injured to fight recklessly!
You are too injured to fight recklessly!
You are too injured to fight recklessly!
You hit the orc but do no damage.
The orc is moderately wounded.
You hit the orc.
You kill the orc!
Trog accepts your kill. The orc barely misses you.
The orc hits you with a +0 club.
You hit the orc.
You kill the orc!
Trog accepts your kill. The orc barely misses you.
The orc hits you from afar with a +0 trident.
Things that are here:
a +0 club; a +0 scale mail; an orc corpse The orc hits you with a +0 trident.
* * * LOW HITPOINT WARNING * * *
You hit the orc.
The orc is severely wounded.
The orc hits you with a +0 trident.
* * * LOW HITPOINT WARNING * * *
The orc hits you with a +0 trident.
You die...

......##.#####.##
>...## #....##.#
###.#######....#
......####..###
#.......(..#
##...##.....#
#...?.......#
#)).#.......#
#@.)#.......#
#.....o.........#
.........##......<.
#........# .......#
#........# .....
#........# ....
#........# ...
#........#


You could see an orc.

Vanquished Creatures
  4 worms (D:2)
  2 dart slugs (D:1)
  3 orcs (D:3)
  2 endoplasms (D:2)
  2 giant cockroaches
  4 hobgoblins (D:1)
  2 jackals (D:1)
  A ball python (D:2)
  2 bats (D:1)
  A frilled lizard (D:2)
  A kobold (D:2)
  2 rats
26 creatures vanquished.

Notes
Turn   | Place    | Note
-------+----------+-------------------------------------------
     0 | D:1      | Kel the Gargoyle Berserker began the quest for the Orb.
     0 | D:1      | Reached XP level 1. HP: 14/14 MP: 1/1
   305 | D:1      | Reached skill level 3 in Axes
   310 | D:1      | Reached XP level 2. HP: 14/19 MP: 2/2
   346 | D:1      | Found a faded altar of an unknown god.
  1266 | D:2      | Reached XP level 3. HP: 7/23 MP: 3/3
  1733 | D:2      | Reached skill level 4 in Axes
  2129 | D:3      | HP: 1/23 [orc/+0 trident (5)]
  2129 | D:3      | Slain by an orc

Illustrated notes

Levels and vault maps discovered:
D:1:      saegor_arrival_simple_b, layout_rooms,
          shapermc_ecumenical_altar_pompeii, roderic_lattice_a,
          minmay_misc_feat_secret_circle, minmay_misc_feat_iff
D:2:      layout_rooms
D:3:      layout_rooms, ebering_ghost_reflecting_pool, chequers_big_river

Skill      XL: |  1  2  3 |
---------------+----------+-----
Axes           | 3 4 |  4.1
Fighting       | |  3.2
Armour         | |  2.1
Dodging        | |  1.5

Action                   || total
-------------------------++-------
Melee: Hand axe          ||    80
Armor: Animal skin       ||    28
Dodge: Dodged            ||    48
